 Dungeon Crawl Stone Soup version 0.27-a0-1232-gc6a4cbde82 (webtiles) character file.

Game seed: 11180392577420162592

183 porpoise the Conjurer (level 5, -4/28 HPs)
             Began as a Deep Elf Conjurer on June 9, 2021.
             Slain by Sigmund
             ... wielding a +0 scythe
              (10 damage)
             ... on level 3 of the Dungeon.
             The game lasted 00:08:41 (3030 turns).

porpoise the Conjurer (Deep Elf Conjurer)           Turns: 3030, Time: 00:08:42

Health: -4/28      AC:  2    Str:  4    XL:     5   Next: 35%
Magic:  10/15      EV: 12    Int: 24    God:
Gold:   75         SH:  0    Dex: 13    Spells: 1/15 levels left

rFire    . . .     SeeInvis .   a - +0 whip
rCold    . . .     Faith    .   (no shield)
rNeg     . . .     Spirit   .   c - +0 robe
rPois    .         Reflect  .   (no helmet)
rElec    .         Harm     .   (no cloak)
rCorr    .         Rampage  .   (no gloves)
Will     .....                  (no boots)
Stlth    +.........             (no amulet)
HPRegen  0.09/turn              (no ring)
MPRegen  0.14/turn              (no ring)

@: confused, attractive
A: no striking features
a: no special abilities


You were on level 3 of the Dungeon.
You visited 1 branch of the dungeon, and saw 3 of its levels.

You collected 75 gold pieces.

Inventory:

Hand Weapons
 a - a +0 whip (weapon)
Missiles
 b - 27 poisoned darts
 d - 55 stones
 g - 25 arrows
Armour
 c - a +0 robe (worn)
 j - a +0 buckler
Wands
 p - a wand of flame (1)
Scrolls
 e - a scroll of vulnerability {unknown}
 f - a scroll of enchant armour {unknown}
 i - 2 scrolls of enchant weapon {unknown}
 k - a scroll of identify {unknown}
 m - a scroll of amnesia {unknown}
 n - a scroll of teleportation {unknown}
Potions
 h - a potion of attraction
 l - a potion of might {unknown}
 o - 2 potions of curing {unknown}


   Skills:
 - Level 2.4 Dodging
 - Level 2.4 Stealth
 + Level 5.7 Spellcasting
 + Level 6.0 Conjurations


You had one spell level left.
You knew the following spells:

 Your Spells              Type           Power      Damage    Failure   Level
a - Magic Dart            Conj           100%       1d8       1%          1
b - Searing Ray           Conj           72%        3d6       1%          2
c - Iskenderun's Mystic   Conj/Tloc      21%        2d6       24%         4
d - Fulminant Prism       Conj/Hex       10%        3d9       24%         4
r - Frozen Ramparts       Ice            12%        1d3       24%         3

Your spell library contained the following spells:

 Spells                   Type           Power      Damage    Failure   Level
 Freeze                   Ice            24%        1d5       9%          1
 Dazzling Flash           Conj/Hex       42%        N/A       7%          3
 Ozocubu's Armour         Ice            6%         N/A       24%         3
 Hailstorm                Conj/Ice       21%        3d6       24%         4
 Metabolic Englaciation   Hex/Ice        3%         N/A       92%         5


Dungeon Overview and Level Annotations

Branches:
Dungeon (3/15)

Altars:
Makhleb
Qazlal
Vehumet

Annotations:
D:3 Sigmund


Message History

Found a ring mail.
You now have 67 gold pieces (gained 4).
You now have 75 gold pieces (gained 8).
A ball python and Sigmund come into view.
Sigmund shouts!
The ball python hisses angrily.
Casting: Searing Ray (safe; 1% risk of failure)
Confirm with . or Enter, or press ? or * to list all spells.
Aiming: Searing Ray (safe; 1% risk of failure)
Press: ? - help, Shift-Dir - straight line, f - Sigmund
Aim: Sigmund, wielding a +0 scythe and wearing a +0 robe (78% to hit)
The searing ray hits Sigmund.
Sigmund is lightly wounded. (Press . to maintain the ray.)
The searing ray hits Sigmund!
Sigmund is heavily wounded.
Sigmund hits you from afar with a +0 scythe!
The searing ray misses Sigmund.
The ball python barely misses you. The ball python closely misses you.
Sigmund barely misses you.
The searing ray misses Sigmund.
You finish channeling your searing ray.
The ball python bites you. The ball python grabs you.
The ball python constricts you. Sigmund misses you.
Casting: Searing Ray (safe; 1% risk of failure)
Confirm with . or Enter, or press ? or * to list all spells.
Aiming: Magic Dart (safe; 1% risk of failure)
Press: ? - help, Shift-Dir - straight line, f - ball python, p - Sigmund
Aim: a ball python (constricting you, 100% to hit)
The magic dart hits the ball python.
You kill the ball python!
Sigmund gestures at you while chanting.
You are confused.
You're too confused to cast spells.
You bump into the rock wall.
Sigmund hits you from afar with a +0 scythe!
* * * LOW HITPOINT WARNING * * *
Unknown command.
It was a potion of attraction.
You feel attractive to monsters. Sigmund asks, "Do you like me?"
Sigmund hits you from afar with a +0 scythe!
You die...

..######.....###
...............#######
.........#####....[..#
.........# #.......#
##.......# ##......#
.#.......######......####
.+.............>..........
.#.......######..########.
.........##....$@#
.........##.......#
########.##.....#@#
#.##..... .# #.##..... ..
#..+..... #.# ####..... .#
#..... ..


You could see Sigmund.

Vanquished Creatures
  A necrophage (D:2)
  A crimson imp (D:3)
  A gnoll (D:1)
  A worm (D:2)
  4 bats
  4 endoplasms
  3 giant cockroaches (D:1)
  3 goblins
  6 hobgoblins
  4 jackals (D:3)
  A quokka (D:1)
  7 ball pythons
  4 frilled lizards
  5 kobolds (D:1)
  2 rats
47 creatures vanquished.

Notes
Turn   | Place    | Note
-------+----------+-------------------------------------------
     0 | D:1      | porpoise the Deep Elf Conjurer began the quest for the Orb.
     0 | D:1      | Reached XP level 1. HP: 10/10 MP: 6/6
   297 | D:1      | Reached XP level 2. HP: 15/15 MP: 3/8
   361 | D:1      | Learned a level 2 spell: Searing Ray
   645 | D:1      | Reached skill level 5 in Conjurations
   645 | D:1      | Reached XP level 3. HP: 19/19 MP: 6/10
  1482 | D:2      | Found a stormy altar of Qazlal.
  1488 | D:2      | Found a faded altar of an unknown god.
  1623 | D:2      | Learned a level 3 spell: Frozen Ramparts
  1698 | D:2      | Noticed a necrophage
  1713 | D:2      | Killed a necrophage
  1714 | D:2      | Reached skill level 5 in Spellcasting
  1714 | D:2      | Reached XP level 4. HP: 16/24 MP: 2/13
  1947 | D:2      | Reached XP level 5. HP: 28/28 MP: 5/14
  2011 | D:2      | Learned a level 4 spell: Iskenderun's Mystic Blast
  2016 | D:2      | Learned a level 4 spell: Fulminant Prism
  2928 | D:3      | Found a radiant altar of Vehumet.
  2928 | D:3      | Found a burning altar of Makhleb.
  2932 | D:3      | Reached skill level 6 in Conjurations
  3022 | D:3      | Noticed Sigmund
  3030 | D:3      | Slain by Sigmund

Illustrated notes

Levels and vault maps discovered:
D:1:      lemuel_arrival_rhombus, layout_basic
D:2:      layout_basic, basic_altar, ebering_ecumenical_altar_webs
D:3:      layout_basic, grunt_temple_overflow_lords_of_destruction,
          minmay_circle_x, uniq_sigmund

Skill      XL: |  1  2  3  4  5 |
---------------+----------------+-----
Spellcasting   | 4 5 |  5.7
Conjurations   | 5 6 |  6.0
Dodging        | |  2.4
Stealth        | |  2.4

Action                   |  1- 3 |  4- 6 || total
-------------------------+-------+-------++-------
 Cast: Magic Dart        |    45 |     9 ||    54
       Searing Ray       |     4 |    10 ||    14
  Use: Potion            |       |     1 ||     1
Armor: Robe              |     1 |       ||     1
Dodge: Dodged            |     2 |     4 ||     6

Table legend: (Time is in decaauts)
 A = Elapsed time spent in this place.
 B = Non-inter-level travel time spent in this place.
 C = Inter-level travel time spent in this place.
 D = Time resting spent in this place.
 E = Time spent auto-exploring this place.
 F = Levels seen in this place.
 G = Mean time per level.
                   A        B        C        D        E       F      G
               +--------+--------+--------+--------+--------+-----+--------+
         Total |   3027 |   2985 |     42 |    719 |   2038 |   3 | 1009.0 |
       Dungeon |   3027 |   2985 |     42 |    719 |   2038 |   3 | 1009.0 |
               +--------+--------+--------+--------+--------+-----+--------+

Top non-repeatable levels by time:
     D:2: 1270 daAuts
     D:1: 1254 daAuts
     D:3: 502 daAuts
